 Dungeon Crawl Stone Soup version 0.28.0-53-g5a82cb258f (webtiles) character file.

Game seed: 10303752968192166152

63 SanguineChosen the Skirmisher (level 3, -1/34 HPs)
             Began as a Minotaur Berserker on Aug 3, 2022.
             Was a Follower of Trog.
             Slain by Sigmund
             ... wielding a +1 scythe of flaming
              (2 damage)
             ... on level 2 of the Dungeon.
             The game lasted 00:03:51 (1429 turns).

SanguineChosen the Skirmisher (Minotaur Berserker)  Turns: 1429, Time: 00:03:51

Health: -1/34      AC:  6    Str: 23    XL:     3   Next: 89%
Magic:  2/2        EV: 12    Int:  4    God:    Trog [*.....]
Gold:   21         SH:  0    Dex:  9    Spells: 2/2 levels left

rFire   . . .      SeeInvis .   i - +2 hand axe (flame)
rCold   . . .      Faith    .   (no shield)
rNeg    . . .      Spirit   .   b - +0 animal skin
rPois   .          Reflect  .   (helmet restricted)
rElec   .          Harm     .   (no cloak)
rCorr   .          Rampage  .   (no gloves)
Will    .....                   (no boots)
Stlth   +.........              (no amulet)
HPRegen 0.11/turn               g - +4 ring of protection
MPRegen 0.08/turn               (no ring)

@: no status effects
A: horns 2, retaliatory headbutt
a: Renounce Religion, Berserk


You were on level 2 of the Dungeon.
You worshipped Trog.
Trog was aware of your devotion.
You visited 1 branch of the dungeon, and saw 2 of its levels.

You collected 21 gold pieces.

Inventory:

Hand Weapons
 a - a +0 hand axe
 i - a +2 hand axe of flaming (weapon)
Armour
 b - a +0 animal skin (worn)
Jewellery
 g - a +4 ring of protection (left hand)
Scrolls
 c - a scroll of teleportation {unknown}
 d - 3 scrolls of identify {unknown}
 e - a scroll of fear {unknown}
Potions
 f - a potion of cancellation {unknown}
 h - a potion of haste {unknown}


   Skills:
 + Level 4.5 Fighting
 + Level 4.4 Axes
 + Level 3.0 Armour
 + Level 2.7 Dodging


You had 2 spell levels left.
You didn't know any spells.
Your spell library was empty.

Dungeon Overview and Level Annotations

Branches:
Dungeon (2/15)

Altars:
Ashenzari

Annotations:
D:2 Sigmund


Innate Abilities, Weirdness & Mutations

You have a pair of horns on your head.
You reflexively headbutt those who attack you in melee.


Message History

Sigmund moves out of view.
Sigmund, a goblin and an endoplasm come into view.
Sigmund is wielding a +1 scythe of flaming.
The goblin is wielding the +2 hand axe "Vurchicw" {venom, rC+ rCorr Str-4 Int+6}.
The goblin shouts!
Sigmund asks, "Do you like me?"
Sigmund gestures wildly while chanting.
Sigmund flickers and vanishes!
Deactivating autopickup; reactivate with Ctrl-A.
You hear some strange, mumbled words.
A puff of flame appears from out of thin air!
The puff of flame hits you. Something hits you! Something burns you.
You completely miss something. You closely miss something.
Your headbutt misses something. Something barely misses you.
You closely miss something.
You hear some strange, mumbled words.
You are confused.
A hobgoblin comes into view.
You bump into the rock wall.
The hobgoblin shouts!
Something hits you. Something burns you.
You bump into the rock wall.
You barely miss something. Something hits you.
* * * LOW HITPOINT WARNING * * *
Something burns you.
* * * LOW HITPOINT WARNING * * *
You miss something. Something hits you!
* * * LOW HITPOINT WARNING * * *
Something burns you.
* * * LOW HITPOINT WARNING * * *
You're too confused to move!
Something completely misses you.
You hit something but do no damage.
An endoplasm comes into view.
You closely miss something.
You feel less confused.
The endoplasm quivers.
A goblin comes into view. It is wielding a +0 dagger.
Something hits you.
You die... # . ## .. # #. .Jg

..### #. ....
#....##. .Jg.
#.... #..######
#.. #gg{@..##
##.
######..#####
#. ##.....#####
#)
#####.....####†
#####......
###.>.. ##...
#... ####


You could see an endoplasm, a hobgoblin and 2 goblins.

Vanquished Creatures
  Terence (D:2)
  A gnoll (D:1)
  6 endoplasms
  A giant cockroach (D:1)
  3 goblins
  6 jackals
  3 ball pythons (D:1)
  A bat (D:2)
  A kobold (D:1)
  2 rats (D:1)
25 creatures vanquished.

Notes
Turn   | Place    | Note
-------+----------+-------------------------------------------
     0 | D:1      | SanguineChosen the Minotaur Berserker began the quest for
                  | the Orb.
     0 | D:1      | Reached XP level 1. HP: 19/19 MP: 0/0
   518 | D:1      | Reached XP level 2. HP: 24/27 MP: 1/1
   614 | D:1      | Found a faded altar of an unknown god.
   773 | D:1      | Reached XP level 3. HP: 25/33 MP: 2/2
  1184 | D:2      | Noticed Terence
  1197 | D:2      | Killed Terence
  1345 | D:2      | Found a broken altar of Ashenzari.
  1411 | D:2      | Noticed Sigmund
  1412 | D:2      | Identified the +2 hand axe "Vurchicw" {venom, rC+ rCorr
                  | Str-4 Int+6}
  1426 | D:2      | HP: 1/34 [something (1)]
  1429 | D:2      | Slain by Sigmund

Illustrated notes

Levels and vault maps discovered:
D:1:      dpeg_arrival_round_b, layout_loops_ring,
          hellmonk_ecumenical_altar_run_dry, minmay_box_of_dots
D:2:      layout_rooms, basic_altar, uniq_terence, uniq_sigmund

Skill      XL: |  1  2  3 |
---------------+----------+-----
Fighting       | 4 |  4.5
Axes           | 4 |  4.4
Armour         | 3 |  3.0
Dodging        | |  2.7

Action                   || total
-------------------------++-------
Melee: Hand axe          ||    65
       Headbutt          ||     8
       Punch             ||     2
Armor: Animal skin       ||    12
Dodge: Dodged            ||    33
